 Dungeon Crawl Stone Soup version 0.25-a0-420-g1cc7eeb0d1 (webtiles) character file.

Game seed: 6022454355088896319, levelgen mode: deterministic

44 ChaosChampion the Sneak (level 3, 0/18 HPs)
             Began as a Spriggan Assassin on Jan 18, 2020.
             Slain by a bullfrog (8 damage)
             ... on level 2 of the Dungeon.
             The game lasted 00:03:27 (1342 turns).

ChaosChampion the Sneak (Spriggan Assassin)         Turns: 1342, Time: 00:03:28

Health: 0/18       AC:  3    Str:  7    XL:     3   Next: 41%
Magic:  4/4        EV: 18    Int: 12    God:
Gold:   35         SH:  0    Dex: 18    Spells: 2/2 levels left

rFire    . . .     SeeInvis +   a - +2 dagger
rCold    . . .     Gourm    .   (shield restricted)
rNeg     . . .     Faith    .   b - +0 robe
rPois    .         Spirit   .   (helmet restricted)
rElec    .         Reflect  .   c - +0 cloak
rCorr    .         Harm     .   (gloves unavailable)
MR       .....                  (boots unavailable)
Stlth    ++++......             (no amulet)
HPRegen  0.06/turn              (no ring)
MPRegen  0.09/turn              (no ring)

@: very quick
A: very small, unfitting armour, see invisible, herbivore, speed 3, slow
metabolism 2
a: no special abilities


You were on level 2 of the Dungeon.
You were not hungry.

You visited 1 branch of the dungeon, and saw 2 of its levels.

You collected 35 gold pieces.

Inventory:

Hand Weapons
 a - a +2 dagger (weapon)
Missiles
 d - 5 poisoned darts (quivered)
 e - 2 curare-tipped darts
 g - 3 atropa-tipped darts
 k - 17 bolts
Armour
 b - a +0 robe (worn)
 c - a +0 cloak (worn)
Scrolls
 j - a scroll of identify {unknown}
Potions
 h - a potion of berserk rage {unknown}
 i - a potion of invisibility {unknown}
 l - a potion of haste {unknown}
Comestibles
 f - 4 rations


   Skills:
 + Level 1.9 Fighting
 * Level 3.0 Short Blades
 - Level 2.0 Throwing
 + Level 2.5 Dodging
 * Level 6.5 Stealth


You had 2 spell levels left.
You didn't know any spells.
Your spell library was empty.

Dungeon Overview and Level Annotations

Branches:
Dungeon (2/15)

Altars:


Innate Abilities, Weirdness & Mutations

You are very small and have problems with some larger weapons.
You are too small for most types of armour.
You have supernaturally acute eyesight. (SInv)
You are a herbivore.
You cover ground extremely quickly.
You need to consume almost no food.


Message History

You hit the jackal.
You kill the jackal!
The bullfrog hits you.
Throwing (i - inventory. (/) - cycle)
d - 8 poisoned darts (quivered)
Press: ? - help, Shift-Dir - straight line, f - bullfrog
Aim: a bullfrog You throw a poisoned dart.
The poisoned dart hits the bullfrog.
The bullfrog is poisoned.
The bullfrog misses you.
Throwing (i - inventory. (/) - cycle)
d - 7 poisoned darts (quivered)
Press: ? - help, Shift-Dir - straight line, f/p - bullfrog
Aim: a bullfrog (poisoned)
You throw a poisoned dart. The poisoned dart hits the bullfrog.
The bullfrog looks even sicker.
The bullfrog closely misses you.
Throwing (i - inventory. (/) - cycle)
d - 6 poisoned darts (quivered)
Press: ? - help, Shift-Dir - straight line, f/p - bullfrog
Aim: a bullfrog (very poisoned)
You throw a poisoned dart. The poisoned dart misses the bullfrog.
The poisoned dart hits the jackal.
The jackal is poisoned.
The bullfrog hits you!
You die...

.. .# ##.# .#
####...#.#
+........# #.....#
##.#K## # #h# #F#
#+# #@# #.# #.#
#.###########.#
##.#........##.#
###....######.##.#
##............>..#
###....###.##.####
# ##.#.# #.##.#
####.#.###.##)#


You could see a bullfrog, a jackal and a kobold.

Vanquished Creatures
  An ooze (D:1)
  A dart slug (D:1)
  2 leopard geckos (D:1)
  4 ball pythons
  2 goblins (D:1)
  8 hobgoblins
  2 jackals (D:2)
  3 bats
  A frilled lizard (D:2)
  5 kobolds
  4 rats
33 creatures vanquished.

Notes
Turn   | Place    | Note
-------+----------+-------------------------------------------
     0 | D:1      | ChaosChampion the Spriggan Assassin began the quest for the
                  | Orb.
     0 | D:1      | Reached XP level 1. HP: 10/10 MP: 2/2
     7 | D:1      | Reached skill level 6 in Stealth
   168 | D:1      | Reached XP level 2. HP: 15/15 MP: 3/3
  1025 | D:1      | Reached XP level 3. HP: 16/18 MP: 4/4
  1318 | D:2      | Noticed a bullfrog
  1342 | D:2      | Slain by a bullfrog

Levels and vault maps discovered:
D:1:      ncdulo_halloftheorcs, layout_basic, minmay_misc_feat_doors
D:2:      layout_loops_corners, zin_purify, tso_metal_star,
          amethyst_overflow_temple_binary, first_ration

Skill      XL: |  1  2  3 |
---------------+----------+-----
Stealth        | 6 |  6.5
Dodging        | 2 |  2.5
Short Blades   | 3 |  3.0
Fighting       | |  1.9
Throwing       | |  2.0

Action                   || total
-------------------------++-------
Melee: Dagger            ||   105
Throw: Dart              ||     5
 Stab: Sleeping          ||    12
Armor: Robe              ||     8
Dodge: Dodged            ||    63

Table legend:
 A = Non-vault XP
 B = Vault XP
 C = Vault XP percentage of total XP
 D = Non-vault monster count
 E = Vault monster count
 F = Vault count percentage of total count
                 A         B        C        D         E       F
            +---------+---------+-------+---------+---------+-------
      Total |      64 |       0 |   0.0 |      33 |       0 |   0.0
            +---------+---------+-------+---------+---------+-------
        D:1 |      44 |       0 |   0.0 |      20 |       0 |   0.0
        D:2 |      20 |       0 |   0.0 |      13 |       0 |   0.0
            +---------+---------+-------+---------+---------+-------
